 Dungeon Crawl Stone Soup version 0.30-a0-989-g0d87f670db (webtiles) character file.

Game seed: 18185332714273953008

4 Dirtsage the Trooper (level 1, -3/18 HPs)
             Began as a Demonspawn Fighter on Apr 3, 2023.
             Slain by a worm (9 damage)
             ... on level 1 of the Dungeon.
             The game lasted 00:00:12 (128 turns).

Dirtsage the Trooper (Demonspawn Fighter)            Turns: 128, Time: 00:00:13

Health: -3/18      AC:  6    Str: 16    XL:     1   Next: 58%
Magic:  1/1        EV:  8    Int:  9    God:
Gold:   35         SH:  4    Dex: 12    Spells: 0/0 levels left

rFire   . . .      SeeInvis .    a - +0 war axe
rCold   . . .      Faith    .    c - +0 buckler
rNeg    . . .      Spirit   .    b - +0 scale mail
rPois   .          Reflect  .    (no helmet)
rElec   .          Rampage  .    (no cloak)
rCorr   .                        (no gloves)
Will    .....                    (no boots) Stlth
                                 (no amulet)
HPRegen 0.23/turn                (no ring)
MPRegen 0.07/turn                (no ring)

@: no status effects
A: no striking features
a: no special abilities


You were on level 1 of the Dungeon.
You visited 1 branch of the dungeon, and saw 1 of its levels.

You collected 35 gold pieces.

Inventory:

Hand Weapons
 a - a +0 war axe (weapon)
Armour
 b - a +0 scale mail (worn)
 c - a +0 buckler (worn)
Scrolls
 e - a scroll of fear {unknown}
Potions
 d - a potion of might


   Skills:
 - Level 3.0 Fighting
 + Level 2.2 Axes
 - Level 2.6 Armour
 - Level 2.6 Shields


You couldn't memorise any spells.
You didn't know any spells.
Your spell library was empty.

Dungeon Overview and Level Annotations

Branches:
Dungeon (1/15)

Altars:


Message History

You take 2 damage, and have 13/18 hp.
You slash the worm!
The worm is severely wounded.
You block the worm's attack.
You barely miss the worm.
The worm is heavily wounded.
The worm bites you.
You take 6 damage, and have 8/18 hp.
MASSIVE DAMAGE!!
You slash the worm!
The worm is severely wounded.
You block the worm's attack.
You hit the worm but do no damage.
The worm is severely wounded.
You barely miss the worm.
The worm is severely wounded.
You block the worm's attack.
You slash the worm!
You kill the worm!
Your Axes skill increases to level 2!
You hit the worm.
The worm is moderately wounded.
The worm bites you!
* * * LOW HITPOINT WARNING * * *
You take 7 damage, and have 4/18 hp.
MASSIVE DAMAGE!!
You hit the worm.
The worm is heavily wounded.
The worm bites you but does no damage.
You barely miss the worm.
The worm is moderately wounded.
The worm bites you but does no damage.
You hit the worm.
The worm is moderately wounded.
You barely miss the worm.
The worm is moderately wounded.
The worm bites you but does no damage.
You hit the worm.
The worm is moderately wounded.
The worm bites you!
Ouch! That really hurt!
You die...

## ###.## #^....#
....^$.##
..>.....###### #
^..)......w@.# #.
....^....###.#
####.### .........#
#.# #.. .^..
....^...####.#
#.##.#PP♣
.......##....#
#.##.#..P #.....#
###..#######........
###.##
#..>.........###..
...
#..###..#####...♣.♣
##. #.# #........#
#......# #.


You could see a worm.

Vanquished Creatures
  A worm (D:1)
  An endoplasm (D:1)
2 creatures vanquished.

Notes
Turn   | Place    | Note
-------+----------+-------------------------------------------
     0 | D:1      | Dirtsage the Demonspawn Fighter began the quest for the
                  | Orb.
     0 | D:1      | Reached XP level 1. HP: 18/18 MP: 1/1
   128 | D:1      | Slain by a worm

Illustrated notes

Levels and vault maps discovered:
D:1:      sevenhm_arrival_forest_fort_small_4, layout_loops_ring, serial_forest,
          infiniplex_forest_lined_corner, infiniplex_forest_lined_1,
          infiniplex_forest_straight_2, infiniplex_forest_lined_3_way,
          infiniplex_forest_clump_small, infiniplex_forest_lined_4_way,
          infiniplex_forest_straight_3, infiniplex_forest_clump_curved,
          nicolae_wormholes

Skill      XL: |  1 |
---------------+----+-----
Axes           | 2 |  2.2
Fighting       | |  3.0
Armour         | |  2.6
Shields        | |  2.6

Action                     || total
---------------------------++-------
  Melee: War axe           ||    17
 Armour: Scale mail        ||     4
  Dodge: Dodged            ||     2
  Block: Buckler           ||     3

Table legend: (Time is in decaauts)
 A = Elapsed time spent in this place.
 B = Non-inter-level travel time spent in this place.
 C = Inter-level travel time spent in this place.
 D = Time resting spent in this place.
 E = Time spent auto-exploring this place.
 F = Levels seen in this place.
 G = Mean time per level.
                   A        B        C        D        E       F      G
               +--------+--------+--------+--------+--------+-----+--------+
         Total |    138 |    138 |      0 |      0 |    100 |   1 |  138.0 |
       Dungeon |    138 |    138 |      0 |      0 |    100 |   1 |  138.0 |
               +--------+--------+--------+--------+--------+-----+--------+

Top non-repeatable levels by time:
     D:1: 138 daAuts
